[Event "FIDE Grand Swiss 2023"]
[Site "Villa Marina, Douglas, Isle of Man, Isle Of Man"]
[Date "2023.10.30"]
[Round "6.39"]
[White "Karthikeyan, Murali"]
[Black "Martirosyan, Haik M."]
[Result "1/2-1/2"]
[TimeControl "40/90 + 30 + 30s/move"]
[WhiteFideId "5074452"]
[BlackFideId "13306553"]
[WhiteElo "2611"]
[BlackElo "2696"]

1. e4 e5 2. Nf3 Nc6 3. Bb5 Nf6 4. O-O Nxe4 5. d4 Nd6 6. Bxc6 dxc6 7. dxe5 Nf5 8. Qxd8+ Kxd8 9. h3 h5 10.
Nc3 Ke8 11. Bf4 Be7 12. Rad1 Nh4 13. Nd4 Nf5 14. Nf3 Nh4 15. Nd4 Nf5 16. Nce2 g5 17. Bh2 Nxd4 18. Nxd4 Rh6 19. Rfe1 Bd8 20.
e6 Bxe6 21. Nxe6 Rxe6 22. Rxe6+ fxe6 23. Be5 Rc8 24. g4 hxg4 25. hxg4 Be7 26. Rd3 Rd8 27. Bxc7 Rd5 28. Kf1 c5 29. Ke2 c4 30. Rxd5 exd5 31.
f4 gxf4 32. Kf3 Bf6 33. b3 cxb3 34. cxb3 Kf7 35. Kxf4 Kg6 36. Be5 Bg5+ 37. Kf3 a6 38. Ke2 Be7 39. Bf4 Bf8 40. Kd3 Bg7 41.
Bd2 Bf6 42. Bc3 Bd8 43. Kd4 Bf6+ 44. Kd3 Bd8 45. Ke4 1/2-1/2